 Dungeon Crawl Stone Soup version 0.30-a0-857-gcaf70739d4 (webtiles) character file.

Game seed: 11058894799794239814

217750 arthad the Convoker (level 17, -8/79 HPs)
             Began as a Felid Summoner on Mar 4, 2023.
             Was an Initiate of Gozag.
             Killed from afar by a deep elf sorcerer (36 damage)
             ... with damnation
             ... on level 3 of the Elven Halls on Mar 5, 2023.
             The game lasted 04:30:20 (48868 turns).

arthad the Convoker (Felid Summoner)               Turns: 48868, Time: 04:30:20

Health: -8/79      AC: 17    Str:  4    XL:     17   Next: 95%
Magic:  6/34       EV: 35    Int: 27    God:    Gozag
Gold:   3616       SH:  0    Dex: 18    Spells: 6/41 levels left
                                        Lives:  0   Deaths: 5

rFire   . . .      SeeInvis +      - Unarmed
rCold   . . .      Faith    .    (shield unavailable)
rNeg    . . .      Spirit   .    (body armour unavailable)
rPois   ∞          Reflect  .    (helmet unavailable)
rElec   +          Rampage  .    (cloak unavailable)
rCorr   +                        (gloves unavailable)
Will    ++...                    (boots unavailable)
Stlth   +++                      C - amulet of magic regeneration
HPRegen 0.33/turn                m - ring "Gajy" {Drain rPois rCorr Int+4 Stlth+}
MPRegen 0.64/turn                T - ring of wizardry

@: storm-form, wereblooded, flying
A: cleaving, insubstantial, flying, very small, (claws 1), (fangs 3), see
invisible, (speed 1), (shaggy fur 3), (stealthy paws), no weapons or thrown
items, no armour, multi-lived
}: 2/15 runes: serpentine, barnacled
a: Blinkbolt, End Transformation, Renounce Religion, Potion Petition, Call
Merchant, Bribe Branch


You were on level 3 of the Elven Halls.
You worshipped Gozag.
Gozag was most pleased with you.
You were a lightning-filled tempest!
You visited 7 branches of the dungeon, and saw 34 of its levels.
You visited 1 bazaar.
You also visited: Sewer, Ossuary and Gauntlet.

You collected 17101 gold pieces.
You spent 3580 gold pieces at shops.
You paid 9905 gold pieces to Gozag.

Inventory:

Jewellery
 b - a +5 ring of evasion
 m - the ring "Gajy" (left paw) {Drain rPois rCorr Int+4 Stlth+}
   (You took it off a merfolk impaler on level 2 of the Shoals)

   [ring of resist corrosion]

   Int:       It affects your intelligence (+4).
   rPois:     It protects you from poison.
   rCorr:     It protects you from acid and corrosion.
   Drain:     It drains your maximum health when unequipped.
   Stlth:     It makes you more stealthy.
 C - an amulet of magic regeneration (around neck)
 N - the amulet "Nocosen" {Faith rPois Regen+}
   (You found it in a Gauntlet)

   [amulet of faith]

   It allows you to gain divine favour quickly.
   rPois:     It protects you from poison.
   Regen:     It increases your rate of health regeneration.
 O - a ring of protection from fire
 P - the ring "Suoz" {Ice rCorr Str+2 Stlth-}
   (You found it in a Gauntlet)

   [ring of ice]

   It enhances your ice magic.
   Str:       It affects your strength (+2).
   rF:        It makes you vulnerable to fire.
   rC:        It protects you from cold.
   rCorr:     It protects you from acid and corrosion.
   Stlth:     It makes you less stealthy.
 T - a ring of wizardry (right paw)
 X - a ring of positive energy
 Z - a +6 ring of intelligence
Wands
 d - a wand of flame (73)
 h - a wand of polymorph (5)
 y - a wand of iceblast (17)
 B - a wand of digging (12)
 G - a wand of mindburst (21)
 J - a wand of light (11)
 S - a wand of paralysis (23)
Scrolls
 f - 4 scrolls of torment
 g - 10 scrolls of blinking
 i - 4 scrolls of fear
 k - 6 scrolls of enchant weapon
 o - 5 scrolls of poison
 p - 19 scrolls of teleportation
 r - 4 scrolls of fog
 w - 5 scrolls of vulnerability
 z - 3 scrolls of amnesia
 A - 21 scrolls of identify
 F - 3 scrolls of silence
 H - 3 scrolls of immolation
 K - 7 scrolls of magic mapping
 U - a scroll of summoning
Potions
 a - 5 potions of magic
 c - a potion of heal wounds
 e - 2 potions of ambrosia
 l - 4 potions of lignification
 n - 12 potions of flight
 q - 10 potions of curing
 s - 5 potions of might
 t - 2 potions of invisibility
 u - 6 potions of brilliance
 x - 5 potions of haste
 D - 10 potions of mutation
 E - 2 potions of resistance
 L - a potion of berserk rage
 Q - 4 potions of attraction
 R - 3 potions of cancellation
Miscellaneous
 v - a box of beasts
 I - a tin of tremorstones (2/2)
 M - a condenser vane
 Y - a phial of floods


   Skills:
 + Level 11.6 Fighting
 + Level 14.9 Dodging
 - Level 2.6 Stealth
 + Level 11.8 Unarmed Combat
 + Level 12.9 Spellcasting
 + Level 9.5 Hexes
 * Level 16.8 Summonings
 + Level 15.6 Translocations
 * Level 15.6 Transmutations
 * Level 14.4 Air Magic
 - Level 5.0 Evocations


You had 6 spell levels left.
You knew the following spells:

 Your Spells              Type           Power      Damage    Failure   Level
a - Blink                 Tloc           100%       N/A       0%          2
b - Storm Form            Tmut/Air       39%        N/A       2%          7
c - Call Canine Familiar  Summ           83%        N/A       0%          3
d - Summon Guardian Gole  Hex/Summ       73%        N/A       1%          3
e - Summon Lightning Spi  Summ/Air       80%        N/A       1%          4
f - Manifold Assault      Tloc           80%        N/A       1%          4
g - Summon Mana Viper     Hex/Summ       73%        N/A       1%          5
h - Summon Forest         Summ/Tloc      40%        N/A       1%          5
i - Wereblood             Tmut           80%        N/A       0%          2

Your spell library contained the following spells:

 Spells                   Type           Power      Damage    Failure   Level
 Apportation              Tloc           100%       N/A       0%          1
 Summon Small Mammal      Summ           100%       N/A       0%          1
 Call Imp                 Summ           83%        N/A       0%          2
 Lesser Beckoning         Tloc           100%       N/A       0%          2
 Vhi's Electric Charge    Tloc/Air       100%       N/A       0%          3
 Foxfire                  Conj/Fire      68%        2x1d7     1%          1
 Freeze                   Ice            68%        1d8       1%          1
 Kiss of Death            Conj/Necr      68%        2d10      1%          1
 Necrotise                Necr           68%        1d7       1%          1
 Sandblast                Erth           34%        2d9       1%          1
 Shock                    Conj/Air       100%       1d9       1%          1
 Sting                    Tmut/Pois      100%       1d8       1%          1
 Cigotuvi's Dreadful Rot  Necr/Pois/Air  86%        N/A       1%          2
 Momentum Strike          Conj/Tloc      100%       3d10      1%          2
 Passwall                 Tmut/Erth      46%        N/A       1%          2
 Poisonous Vapours        Pois/Air       100%       N/A       1%          2
 Static Discharge         Conj/Air       100%       2-7/arc   1%          2
 Sublimation of Blood     Necr           17%        N/A       1%          2
 Confusing Touch          Hex            62%        N/A       1%          3
 Mephitic Cloud           Conj/Pois/Air  43%        N/A       1%          3
 Spider Form              Tmut/Pois      56%        N/A       1%          3
 Tukima's Dance           Hex            62%        N/A       1%          3
 Airstrike                Air            38%        2d(6-22)  1%          4
 Cause Fear               Hex            31%        N/A       1%          4
 Ice Form                 Ice/Tmut       56%        N/A       1%          4
 Leda's Liquefaction      Hex/Erth       21%        N/A       1%          4
 Passage of Golubria      Tloc           80%        N/A       1%          4
 Petrify                  Tmut/Erth      56%        N/A       1%          4
 Alistair's Intoxication  Tmut/Pois      37%        N/A       1%          5
 Arcjolt                  Conj/Air       27%        1d37      1%          5
 Blade Hands              Tmut           40%        N/A       1%          5
 Irradiate                Conj/Tmut      28%        3d21      1%          5
 Lightning Bolt           Conj/Air       27%        1d43      1%          5
 Yara's Violent Unravell  Hex/Tmut       35%        3d14      1%          5
 Frozen Ramparts          Ice            34%        1d6       4%          3
 Hailstorm                Conj/Ice       17%        3d6       4%          3
 Freezing Cloud           Conj/Ice/Air   21%        6-21      4%          5
 Statue Form              Tmut/Erth      37%        N/A       9%          6
 Dispel Undead            Necr           17%        3d10      13%         4
 Flame Wave               Conj/Fire      17%        2d7       13%         4
 Borgnjor's Vile Clutch   Necr/Erth      8%         N/A       32%         5
 Fireball                 Conj/Fire      8%         3d6       32%         5
 Iskenderun's Battlesphe  Conj           17%        2d7       32%         5
 Lee's Rapid Deconstruct  Erth           8%         3d7*      32%         5
 Iron Shot                Conj/Erth      8%         9d3       86%         6
 Starburst                Conj/Fire      8%         6d4       86%         6
 Dragon Form              Tmut           40%        N/A       1%          7
 Malign Gateway           Summ/Tloc      40%        N/A       1%          7
 Summon Hydra             Summ           41%        N/A       1%          7
 Summon Horrible Things   Summ           41%        N/A       9%          8
 Haunt                    Necr/Summ      29%        N/A       32%         7
 Dragon's Call            Summ           41%        N/A       75%         9
 Discord                  Hex            31%        N/A       82%         8
 Infestation              Necr           8%         N/A       100%        8
 Lehudib's Crystal Spear  Conj/Erth      8%         10d4      100%        8
 Death's Door             Necr           8%         N/A       100%        9
 Portal Projectile        Hex/Tloc       Unusable   N/A       N/A         3
 Animate Dead             Necr           Unusable   N/A       N/A         4
 Simulacrum               Ice/Necr       Unusable   N/A       N/A         6

Dungeon Overview and Level Annotations

Branches:
Dungeon (15/15)            Temple (1/1) D:5            Lair (5/5) D:9
 Shoals (4/4) Lair:2        Snake (4/4) Lair:3        Slime (0/5) Lair:4
    Orc (2/2) D:9             Elf (3/3) Orc:2        Vaults (0/5) D:14
 Depths (0/4) D:15          Sewer (visited)         Ossuary (visited)
Gauntlet (visited)

Altars:
Ashenzari
Cheibriados
Dithmenos
Elyvilon
Fedhas
Gozag
Hepliaklqana
Kikubaaqudgha
Makhleb
Nemelex Xobeh
Okawaru
Qazlal
Ru
Sif Muna
Trog
Uskayaw
Vehumet
Wu Jian
Xom
Yredelemnul
Zin
The Shining One
Jiyva

Shops:
D:1 =   D:11 [(   D:14 (   Orc:2 ?([*   Elf:3 ==!**   Lair:2 ==:?   Lair:5 :
Shoals:1 (   Shoals:2 *=   Shoals:4 *   Snake:1 :   Snake:2 =:=   Snake:4 :

Annotations:
D:8 3 runed translucent doors, Iamsock's ghost, novice GnWn
D:13 1 transporter, Ideihu's ghost, journeyman DjFE
Lair:3 1 runed translucent door, Zocerawneb's ghost, journeyman OpFi
Lair:4 3 runed translucent doors, benadryl's ghost, journeyman DECj
Orc:2 1 runed translucent door, jasper's ghost, journeyman DsAE


Innate Abilities, Weirdness & Mutations

You are a lightning-filled tempest!
Your electrical attacks strike out in all directions at once.
You are incredibly evasive.
Your insubstantial body is immune to petrification, constriction, and being set on fire You are flying.
You are immune to poison.
((You have sharp claws.))
((You have razor-sharp teeth.))
You have supernaturally acute eyesight. (SInv)
((You cover ground quickly. (Speed+)))
((Your thick and shaggy fur keeps you warm. (AC +3, rC+)))
((Your paws help you pounce on unaware monsters.))
You are incapable of wielding weapons or throwing items.
You cannot wear armour.
You gain extra lives every three experience levels.


Message History

Casting: Storm Form (dangerous; 2% risk of failure)
Confirm with . or Enter, or press ? or * to list all spells.
An electric hum fills the air.
Your mana viper disappears in a puff of smoke!
You bellow as the wereblood boils in your veins!
You see here a +0 sling.
Your warg bites the deep elf sorcerer!
The deep elf sorcerer gestures wildly while chanting.
The deep elf sorcerer seems to speed up.
Your warg bites the deep elf sorcerer.
Casting: Summon Lightning Spire (safe; 1% risk of failure)
Confirm with . or Enter, or press ? or * to list all spells.
A mana viper appears with a sibilant hiss.
The deep elf sorcerer misses your warg.
Your warg completely misses the deep elf sorcerer.
What are your orders? t - Bellow!
Orders for allies: a - Attack new target. r - Retreat! s - Stop attacking. g - Guard the area. f - Follow me.
Anything else - Cancel.
Gang up on whom?
Press: ? - help, Dir - move target, f - deep elf sorcerer
Aim: a deep elf sorcerer, wielding a +0 vampiric dagger and wearing a +0 ring mail (heavily wounded, fast, spells empowered, ally target) Attack!
The deep elf sorcerer hits your warg with a +0 vampiric dagger!
Your warg closely misses the deep elf sorcerer.
The deep elf sorcerer hits your warg with a +0 vampiric dagger.
Your warg barely misses the deep elf sorcerer.
The deep elf sorcerer points at you and mumbles some strange words.
Your warg is devoured by a tear in reality.
Your mana viper closely misses the deep elf sorcerer.
The deep elf sorcerer closely misses your mana viper.
Your mana viper closely misses the deep elf sorcerer.
The deep elf sorcerer gestures at you while chanting.
The sphere of damnation explodes!
The damnation engulfs your lightning spire!!
The damnation engulfs you!!!
You die...
Your body crumbles into a pile of gold.

,,**'**,,,**.'...* #####.#####
***,,,*****,,#$#.* ##.........#
,,*,,,*,,,*,,#)..## #....#.##.##
,,,,,,,,,,,,,*#§$.# ######......
*,,,,,,,*,,,,,#e#.# ### #.##.##
**,,⌠,,*****,,#.S)## #.# #.##.#
,,,,,,,,,,*,,,##)..# #.# ####.#
,,,,,,,,,,,,,,,#8#)# #.####....#
,*******,,***,,#v.|#*#.#.......#
*#.....###*,,,,##=..##.........#
,,.......,,,,,,,######.#.......##
,,..$.#.,,,,,,*** #.#.......##
,,.....,,,,**** ###.......##
*,,$..,,**** ###.........
####.##** ##### ##.#.......##
#...$.#### #.#.###.##.##......
#.#)...#.######..###.###.##.#[##.


You could see a deep elf sorcerer (fast, empowered, ally target), a friendly
mana viper (summoned) and a friendly lightning spire (summoned).

Vanquished Creatures
  A tentacled monstrosity (Shoals:2)
  A deep elf master archer (Elf:3)
  A deep elf blademaster (Elf:3)
  2 krakens (Shoals:4)
  Roxanne (Shoals:2)
  Ilsuiw (Shoals:3)
  3 nagarajas
  6 deep elf sorcerers
  A ghost moth (shapeshifter) (D:14)
  A deep elf elementalist (Elf:3)
  A stone giant (D:15)
  5 deep elf annihilators
  A deep elf death mage (Elf:3)
  5 merfolk impalers
  2 merfolk javelineers
  A deep elf high priest (Elf:3)
  2 great orbs of eyes (Shoals:2)
  A salamander tyrant (Snake:4)
  4 vault guards (D:14)
  2 alligator snapping turtles
  A merfolk aquamancer (Shoals:4)
  2 anacondas (Snake:2)
  3 centaur warriors
  12 dancing weapons
  2 satyrs (Shoals:3)
  A tengu warrior (D:14)
  2 merfolk avatars
  7 naga warriors
  2 shock serpents
  An orc high priest (Orc:2)
  7 naga sharpshooters
  A skyshark (Shoals:1)
  6 deep elf knights
  3 salamander mystics
  2 sea snakes
  A skeletal warrior (D:15)
  2 naga ritualists
  An orc knight (Orc:2)
  3 deep elf archers
  23 deep elf pyromancers
  8 harpies
  19 deep elf zephyrmancers
  8 mana vipers
  3 ugly things
  8 fauns
  2 cyclopes (Shoals:2)
  9 salamanders
  10 manticores
  A salamander (shapeshifter) (Elf:2)
  18 black mambas
  A merfolk siren (Shoals:3)
  Maurice (D:9)
  2 guardian serpents (Snake:4)
  10 naga magi
  A water nymph (Shoals:3)
  A yaktaur (D:14)
  2 freezing wraiths (D:15)
  A tengu conjurer (D:14)
  A troll (Orc:1)
  10 merfolk
  4 blink frogs
  A snapping turtle (Shoals:2)
  3 dream sheep (Shoals:2)
  9 water elementals
  3 fire bats (Gauntlet)
  A warg (D:9)
  5 nagas (Snake:4)
  4 orc warriors (Orc:2)
  A sky beast (D:7)
  An ogre (Orc:1)
  7 centaurs
  2 wolves (Lair:1)
  A phantom (D:4)
  3 earth elementals
  7 electric eels
  A jelly (Gauntlet)
  5 orc priests
  6 orc wizards
  An adder (D:3)
  A gnoll (Orc:1)
  A river rat (Sewer)
  A dart slug (D:2)
  8 orcs
  3 ball pythons
  2 bats
  4 endoplasms
  2 hobgoblins
  A jackal (Sewer)
  5 quokkas
  A frilled lizard (D:1)
  3 goblins
  A kobold (D:6)
  A rat (D:2)
  4 tentacles
343 creatures vanquished.

Vanquished Creatures (collateral kills)
  Mara (Shoals:3)
  Saint Roka (Orc:2)
  Jorgrun (Orc:1)
  Zenata (Elf:3)
  2 deep elf master archers (Elf:3)
  The ghost of Eclyr the Hoplite, an adept MiBe of Trog (Elf:1)
  2 nagarajas
  3 deep elf sorcerers (Elf:3)
  Louise (D:15)
  Azrael (Orc:2)
  A minotaur (Gauntlet)
  2 deep elf annihilators
  A deep elf death mage (Elf:3)
  A merfolk javelineer (Shoals:4)
  A deep elf high priest (Elf:3)
  Harold (D:11)
  3 salamander tyrants (Snake:4)
  3 merfolk impalers
  3 hydras
  Erolcha (Orc:1)
  3 vault guards (D:14)
  A merfolk avatar (Shoals:4)
  A death knight (D:15)
  4 boulder beetles
  2 catoblepae
  6 centaur warriors
  3 alligator snapping turtles
  3 anacondas
  8 dancing weapons
  A tengu warrior (D:14)
  11 death yaks (Lair:5)
  2 two-headed ogres
  4 merfolk aquamancers
  7 naga warriors
  3 satyrs
  6 naga sharpshooters
  5 deep elf knights
  4 skysharks
  4 shock serpents
  3 skeletal warriors
  3 salamander mystics
  A fire crab (Gauntlet)
  10 sea snakes
  5 slime creatures
  6 naga ritualists
  7 deep elf archers
  10 harpies
  10 deep elf zephyrmancers
  An orc knight (D:15)
  2 mana vipers
  15 deep elf pyromancers
  2 fauns
  2 orc sorcerers
  6 ugly things (D:15)
  12 manticores
  7 cyclopes
  11 salamanders
  3 elephants (Lair:4)
  11 naga magi
  2 merfolk sirens
  17 black mambas
  An apocalypse crab (Shoals:2)
  3 water nymphs
  A molten gargoyle (Lair:4)
  An orange demon (Lair:1)
  2 torpor snails (Lair:5)
  11 cane toads
  3 rime drakes
  2 kobold demonologists (D:11)
  10 komodo dragons
  2 freezing wraiths (D:15)
  An efreet (D:15)
  3 tengu conjurers
  2 polar bears
  4 trolls
  2 meliai (D:13)
  A wind drake (shapeshifter) (D:15)
  16 merfolk
  15 blink frogs
  3 wind drakes
  7 snapping turtles
  10 dream sheep
  7 water elementals
  A centaur simulacrum (D:14)
  2 shadows (D:11)
  6 wyverns
  5 fire elementals
  72 yaks
  3 wraiths
  2 vampire mosquitoes (D:11)
  3 basilisks
  A steam dragon (D:9)
  4 wargs
  An acid dragon (D:11)
  16 nagas
  17 water moccasins
  5 hell hounds (Orc:2)
  25 orc warriors
  2 black bears
  An ice beast (D:7)
  A sky beast (D:7)
  9 ogres
  6 centaurs
  29 wolves
  A phantom (D:5)
  5 kobold brigands
  9 bullfrogs
  3 scorpions
  11 wights
  15 killer bees
  3 howler monkeys
  An electric eel (Lair:3)
  2 hounds (D:5)
  5 jellies
  15 orc priests
  A gnoll bouda (Orc:1)
  2 iguanas
  18 orc wizards
  8 mummies (Ossuary)
  Robin (D:3)
  7 gnolls
  3 river rats (Sewer)
  8 adders
  A shadow imp (D:7)
  5 white imps
  A worm (Sewer)
  2 dart slugs (D:1)
  67 orcs
  7 endoplasms
  2 gnoll zombies (Ossuary)
  17 goblins
  6 hobgoblins
  2 jackals (Sewer)
  7 quokkas
  14 ball pythons
  7 bats
  2 frilled lizards (D:1)
  2 hobgoblin zombies (Ossuary)
  25 kobolds
  2 kobold zombies (Ossuary)
  2 orc zombies (Ossuary)
  8 rats
  2 tentacles (Shoals:4)
872 creatures vanquished.

Vanquished Creatures (others)
  A kraken (Shoals:1)
  A storm dragon (D:14)
  A deep elf sorcerer (Elf:3)
  An orc warlord (Orc:2)
  A deep elf demonologist (Elf:3)
  Snorg (D:11)
  Josephine (D:10)
  2 merfolk javelineers (Shoals:4)
  4 merfolk impalers
  A vault guard (D:14)
  2 centaur warriors
  An ice dragon (D:14)
  2 hydras
  An anaconda (Snake:2)
  Erica (D:11)
  2 dancing weapons (Elf:2)
  2 catoblepae (Lair:5)
  A two-headed ogre (D:10)
  2 alligators (Shoals:4)
  4 naga warriors
  3 death yaks (Lair:5)
  2 tengu warriors
  2 deep elf knights (Elf:2)
  A shock serpent (Snake:4)
  2 skysharks
  Amaemon (Lair:1)
  Lodul (D:11)
  A sea snake (Shoals:4)
  A naga ritualist (Snake:4)
  A deep elf zephyrmancer (Elf:3)
  An orc knight (Orc:2)
  A harpy (Shoals:4)
  A deep elf pyromancer (Elf:2)
  An ugly thing (D:15)
  A salamander (Snake:4)
  A faun (Shoals:3)
  A manticore (D:13)
  A cyclops (D:15)
  A merfolk siren (Shoals:4)
  4 black mambas
  A naga mage (Snake:4)
  A water nymph (Shoals:4)
  2 cane toads (Lair:1)
  A gargoyle (D:11)
  A freezing wraith (D:15)
  An ice devil (Gauntlet)
  A polar bear (Lair:1)
  5 merfolk
  5 trolls
  A meliai (D:13)
  A dream sheep (Lair:5)
  A snapping turtle (Shoals:4)
  Sigmund (D:3)
  20 yaks
  5 wraiths
  A steam dragon (D:6)
  A warg (Orc:2)
  A naga (Snake:4)
  2 water moccasins (Lair:1)
  4 orc warriors
  2 ogres (D:11)
  23 wolves (Lair:1)
  6 centaurs
  A kobold brigand (D:11)
  A bullfrog (Lair:1)
  A scorpion (D:7)
  2 wights (D:9)
  A killer bee (D:9)
  A howler monkey (D:7)
  A gnoll bouda (D:5)
  An orc priest (D:9)
  2 iguanas
  4 orc wizards
  4 gnolls (D:5)
  An ufetubus (D:7)
  6 orcs
  2 kobolds
  15 fungi
  86 plants
  8 snaplasher vines
  33 tentacles
317 creatures vanquished.

Grand Total: 1532 creatures vanquished

Notes
Turn   | Place    | Note
-------+----------+-------------------------------------------
     0 | D:1      | arthad the Felid Summoner began the quest for the Orb.
     0 | D:1      | Reached XP level 1. HP: 7/7 MP: 4/4
   218 | D:1      | Reached XP level 2. HP: 11/11 MP: 3/6
   221 | D:1      | Learned a level 2 spell: Call Imp
   699 | D:1      | Reached skill level 5 in Summonings
   780 | D:1      | Reached XP level 3. HP: 14/14 MP: 4/7
   780 | D:1      | Found Utozoseo's Jewellery Shop.
   906 | D:2      | Learned a level 3 spell: Call Canine Familiar
  1310 | D:2      | Found a faded altar of an unknown god.
  1371 | D:2      | Found a shadowy altar of Dithmenos.
  1959 | D:3      | Reached skill level 1 in Hexes
  1994 | D:3      | Reached XP level 4. HP: 18/18 MP: 2/8
  2074 | D:3      | Reached skill level 1 in Air Magic
  2413 | D:3      | Reached XP level 5. HP: 21/21 MP: 2/9
  2417 | D:3      | Learned a level 3 spell: Summon Guardian Golem
  2439 | D:3      | Noticed Robin
  2446 | D:3      | Killed Robin
  2468 | D:3      | Found a basalt altar of Yredelemnul.
  2560 | D:3      | Killed from afar by an orc priest
  2561 | D:3      | Reached XP level 4. HP: -2/18 MP: 5/9
  2631 | D:3      | You fall into a shaft and drop 1 floor!
  2631 | D:4      | Found a broken altar of Ashenzari.
  2785 | D:4      | Reached XP level 5. HP: 21/21 MP: 3/10
  2798 | D:4      | Noticed a phantom
  2832 | D:4      | Killed a phantom
  2833 | D:4      | Reached skill level 1 in Unarmed Combat
  3066 | D:3      | Noticed Sigmund
  3092 | D:3      | Killed Sigmund
  3093 | D:3      | Reached skill level 1 in Fighting
  3093 | D:3      | Gained mutation: You are covered in thick fur. (AC +2)
                  | [Felid growth]
  3093 | D:3      | Reached XP level 6. HP: 25/25 MP: 5/12
  3303 | D:3      | Reached skill level 6 in Summonings
  3634 | D:3      | Reached XP level 7. HP: 21/28 MP: 1/13
  3822 | D:4      | Learned a level 4 spell: Summon Lightning Spire
  4202 | D:5      | Entered Level 5 of the Dungeon
  4341 | D:5      | Found a glowing drain.
  4345 | Sewer    | Entered a sewer
  5315 | D:5      | Reached skill level 5 in Hexes
  5635 | D:5      | Reached XP level 8. HP: 33/33 MP: 5/15
  5975 | D:5      | Found a staircase to the Ecumenical Temple.
  5983 | Temple   | Entered the Ecumenical Temple
  5998 | Temple   | Became a worshipper of Gozag Ym Sagoz the Greedy
  6929 | D:6      | Reached skill level 7 in Summonings
  7116 | D:6      | Reached skill level 5 in Dodging
  7116 | D:6      | Reached skill level 5 in Spellcasting
  7388 | D:6      | Reached XP level 9. HP: 37/37 MP: 7/17
  7620 | D:7      | Identified a scroll of acquirement
  7620 | D:7      | Acquired 706 gold pieces
  7635 | D:7      | Learned a level 2 spell: Blink
  7643 | D:7      | Found a sand-covered staircase.
  7651 | Ossuary  | Entered an ossuary
  8136 | D:7      | Noticed a troll
  8153 | D:7      | Killed a troll
  8154 | D:7      | Reached skill level 1 in Translocations
  8260 | D:7      | Reached skill level 1 in Transmutations
  8267 | D:7      | Reached skill level 5 in Air Magic
  8559 | D:7      | Reached skill level 8 in Summonings
  8942 | D:7      | Reached XP level 10. HP: 26/42 MP: 10/20
  8956 | D:7      | Got the Folio of Unfortunate Terrain
  9546 | D:1      | Bought an amulet of magic regeneration for 300 gold pieces
 10177 | D:8      | Found a bloodstained altar of Trog.
 10409 | D:8      | Found a runed translucent gate.
 10409 | D:8      | Found a runed translucent gate.
 10410 | D:8      | Found a runed translucent gate.
 10410 | D:8      | Noticed Iamsock's ghost (novice GnWn)
 10412 | D:8      | Found a viscous altar of Jiyva.
 10736 | D:9      | Noticed Maurice
 10786 | D:9      | Killed Maurice
 10867 | D:9      | Noticed a two-headed ogre
 10881 | D:9      | Killed a two-headed ogre
 11119 | D:9      | Reached skill level 9 in Summonings
 11212 | D:9      | Reached skill level 5 in Translocations
 11212 | D:9      | Reached XP level 11. HP: 32/46 MP: 11/22
 11240 | D:9      | Reached skill level 5 in Unarmed Combat
 11329 | D:9      | Found a staircase to the Orcish Mines.
 11409 | D:9      | Reached skill level 5 in Fighting
 11444 | D:9      | Found a staircase to the Lair.
 11829 | D:10     | Entered Level 10 of the Dungeon
 11862 | D:10     | Noticed a two-headed ogre
 11868 | D:10     | Killed a two-headed ogre
 12208 | D:10     | Found a hide-covered altar of Uskayaw.
 12208 | D:10     | Found a shimmering blue altar of Sif Muna.
 12236 | D:10     | Noticed Josephine
 12249 | D:10     | Killed Josephine
 12315 | D:10     | Found an ornate altar of the Wu Jian Council.
 12504 | D:10     | Noticed a two-headed ogre
 12517 | D:10     | Killed a two-headed ogre
 12883 | D:11     | Noticed Snorg
 12910 | D:11     | Killed Snorg
 13022 | D:11     | Noticed Harold
 13041 | D:11     | Killed Harold
 13042 | D:11     | Reached skill level 10 in Summonings
 13042 | D:11     | Reached skill level 5 in Transmutations
 13073 | D:11     | Noticed a sun demon
 13074 | D:11     | Gained mutation: Your thick and shaggy fur keeps you warm.
                  | (AC +3, rC+) [Felid growth]
 13074 | D:11     | Reached XP level 12. HP: 51/52 MP: 23/25
 13381 | D:11     | Noticed Erica
 13395 | D:11     | Killed Erica
 13448 | D:11     | Noticed Lodul
 13452 | D:11     | Killed Lodul
 13778 | D:11     | Found Giajie's Armour Emporium.
 14028 | D:11     | Found Biydif's Weapon Emporium.
 14176 | D:12     | Learned a level 4 spell: Manifold Assault
 14177 | D:12     | Noticed a centaur warrior
 14189 | D:12     | Killed a centaur warrior
 15078 | D:13     | Acquired 1192 gold pieces
 15346 | D:13     | Noticed Ideihu's ghost (journeyman DjFE)
 15379 | D:13     | Found a gate leading to a gauntlet.
 15401 | Gauntlet | Entered a Gauntlet
 15401 | Gauntlet | Noticed a tengu warrior
 15401 | Gauntlet | Found a transporter.
 15401 | Gauntlet | Found a transporter.
 15401 | Gauntlet | Found a transporter.
 15410 | Gauntlet | Found a transporter.
 15420 | Gauntlet | Found a transporter.
 15435 | Gauntlet | Found a transporter.
 15447 | Gauntlet | Found a transporter.
 15460 | Gauntlet | Found a transporter.
 15466 | Gauntlet | Found a transporter.
 15480 | Gauntlet | Found a transporter.
 15497 | Gauntlet | Found a transporter.
 15541 | Gauntlet | Found a transporter.
 15602 | Gauntlet | Killed a tengu warrior
 15807 | Gauntlet | HP: 2/53 [fire crab (5)]
 15807 | Gauntlet | Mangled by a fire crab
 15808 | Gauntlet | Reached XP level 11. HP: -10/49 MP: 14/25
 15826 | Gauntlet | Killed a fire crab
 15850 | Gauntlet | Upgraded the game from 0.30-a0-852-g08b95dd62f to
                  | 0.30-a0-857-gcaf70739d4
 15967 | Gauntlet | Reached skill level 11 in Summonings
 15967 | Gauntlet | Reached XP level 12. HP: 4/53 MP: 20/26
 15975 | Gauntlet | Identified the amulet "Nocosen" {Faith rPois Regen+}
 16154 | Gauntlet | Noticed a minotaur
 16177 | Gauntlet | Killed a minotaur
 16191 | Gauntlet | Identified the ring "Suoz" {Ice rCorr Str+2 Stlth-}
 16425 | D:13     | Noticed a tengu warrior
 16433 | D:13     | Killed a tengu warrior
 16434 | D:13     | Noticed a centaur warrior
 16441 | D:13     | Killed a centaur warrior
 16534 | D:13     | Noticed a boulder beetle
 16580 | D:13     | Killed a boulder beetle
 16761 | D:13     | Found a transporter.
 16988 | D:13     | Noticed a centaur warrior
 17002 | D:13     | Killed a centaur warrior
 17553 | D:14     | Found Ekiull's Weapon Shop.
 17558 | D:14     | Noticed a tengu warrior
 17671 | Lair:1   | Entered Level 1 of the Lair of Beasts
 18022 | Lair:1   | Noticed Amaemon
 18047 | Lair:1   | Killed Amaemon
 18202 | Lair:1   | Reached XP level 13. HP: 51/57 MP: 17/27
 19194 | Lair:2   | Reached skill level 10 in Spellcasting
 19863 | Lair:2   | Found a staircase to the Shoals.
 20338 | Lair:2   | Bought a scroll of teleportation for 39 gold pieces
 20338 | Lair:2   | Bought a scroll of fear for 52 gold pieces
 20350 | Lair:2   | Bought a ring of wizardry for 360 gold pieces
 20361 | Lair:2   | Bought the Annotations on Creation and Corpses for 672 gold
                  | pieces
 20367 | Lair:2   | Learned a level 5 spell: Summon Mana Viper
 20373 | Lair:2   | Learned a level 5 spell: Summon Forest
 20557 | Lair:3   | Found a staircase to the Snake Pit.
 20628 | Lair:3   | Reached skill level 10 in Dodging
 21088 | Lair:3   | Found a runed translucent door.
 21088 | Lair:3   | Found a shimmering altar of Xom.
 21088 | Lair:3   | Noticed Zocerawneb's ghost (journeyman OpFi)
 21089 | Lair:3   | Identified the +8 morningstar of Makhleb's Envy {chaos,
                  | rPois rF+ Int+2 Stlth+}
 21612 | Lair:4   | Found a staircase to the Slime Pits.
 21612 | Lair:4   | Found a viscous altar of Jiyva.
 21692 | Lair:4   | Reached skill level 10 in Air Magic
 21699 | Lair:4   | Reached skill level 12 in Summonings
 21699 | Lair:4   | Reached skill level 1 in Evocations
 22057 | Lair:4   | Found a runed translucent gate.
 22057 | Lair:4   | Found a runed translucent gate.
 22058 | Lair:4   | Found a runed translucent gate.
 22247 | Lair:4   | Noticed benadryl's ghost (journeyman DECj)
 22724 | Lair:5   | Entered Level 5 of the Lair of Beasts
 22747 | Lair:5   | Reached XP level 14. HP: 57/62 MP: 5/29
 22982 | Lair:5   | Reached skill level 10 in Translocations
 24442 | Lair:5   | HP: 2/63 [something/blast of calcifying dust (3)]
 24448 | Lair:5   | Killed from afar by a catoblepas
 24449 | Lair:5   | Reached XP level 13. HP: -5/58 MP: 27/29
 24762 | Orc:1    | Entered Level 1 of the Orcish Mines
 24916 | Orc:1    | Noticed Jorgrun
 24927 | Orc:1    | Learned a level 7 spell: Storm Form
 24939 | Orc:1    | Killed Jorgrun
 24953 | Orc:1    | Reached skill level 13 in Summonings
 25082 | Orc:1    | Noticed Erolcha
 25089 | Orc:1    | Killed Erolcha
 25446 | Orc:2    | Entered Level 2 of the Orcish Mines
 25492 | Orc:2    | Noticed Saint Roka
 25506 | Orc:2    | Killed Saint Roka
 25507 | Orc:2    | Reached XP level 14. HP: 50/63 MP: 3/30
 25648 | Orc:2    | Found a staircase to the Elven Halls.
 25921 | Orc:2    | Found Cehole's Assorted Antiques.
 25926 | Orc:2    | Bought a runed ruby ring for 155 gold pieces
 26327 | Orc:2    | Noticed Azrael
 26332 | Orc:2    | Killed Azrael
 26404 | Orc:2    | Found a runed translucent door.
 26647 | Orc:2    | Found Mesulu's Magic Scroll Boutique.
 26664 | Orc:2    | Bought a scroll of amnesia for 56 gold pieces
 26795 | Orc:2    | Noticed an orc warlord
 26815 | Orc:2    | Killed an orc warlord
 27147 | Orc:2    | Found Niseoras's Antique Armour Emporium.
 27152 | Orc:2    | Found Kogrua's Antique Weapon Shoppe.
 27263 | Orc:2    | Noticed jasper's ghost (journeyman DsAE)
 27268 | Orc:2    | Learned a level 2 spell: Wereblood
 27437 | D:14     | Reached skill level 10 in Transmutations
 27444 | D:14     | Found an opulent altar of Gozag.
 27981 | D:14     | HP: 3/63 [deep elf pyromancer/bolt of fire (31)]
 28239 | D:14     | Found a gate to the Vaults.
 28697 | D:14     | Reached skill level 5 in Evocations
 28968 | D:14     | Noticed a storm dragon
 28978 | D:14     | Killed a storm dragon
 28989 | D:14     | Noticed a ghost moth
 28991 | D:14     | Killed a ghost moth
 29016 | D:14     | Reached XP level 15. HP: 63/67 MP: 5/31
 29238 | D:14     | Got Eprusesi's Introduction to the Words of Power
 29379 | D:15     | Entered Level 15 of the Dungeon
 29479 | D:15     | Found an iron altar of Okawaru.
 29773 | D:15     | Found a staircase to the Depths.
 30482 | D:15     | Noticed Louise
 30495 | D:15     | Killed Louise
 31159 | Shoals:1 | Entered Level 1 of the Shoals
 31590 | Shoals:1 | Reached skill level 14 in Summonings
 31825 | Shoals:1 | Noticed a kraken
 31845 | Shoals:1 | Killed a kraken
 32295 | Shoals:1 | Found Koraw's Weapon Emporium.
 32553 | Shoals:2 | Found Ucupnem's Jewellery Boutique.
 32633 | Shoals:2 | Found a flickering gateway to a bazaar.
 32672 | Shoals:2 | HP: 3/68 [themself] (21)]
 32709 | Bazaar   | Entered a bazaar
 32870 | Bazaar   | Found Ecozovot's Weapon Emporium.
 32870 | Bazaar   | Found Zatifeh's Distillery.
 32892 | Bazaar   | Found Kank's Magic Scroll Emporium.
 32897 | Bazaar   | Bought a scroll of magic mapping for 60 gold pieces
 32897 | Bazaar   | Bought a scroll of teleportation for 24 gold pieces
 32897 | Bazaar   | Bought a scroll of teleportation for 24 gold pieces
 32897 | Bazaar   | Bought 3 scrolls of magic mapping for 180 gold pieces
 32908 | Bazaar   | Found Mevvaz's Weapon Emporium.
 32908 | Bazaar   | Found Piehav's Weapon Shoppe.
 32974 | Bazaar   | Bought a potion of ambrosia for 136 gold pieces
 32974 | Bazaar   | Bought a potion of mutation for 136 gold pieces
 32974 | Bazaar   | Bought a potion of heal wounds for 85 gold pieces
 32974 | Bazaar   | Bought a potion of heal wounds for 85 gold pieces
 32974 | Bazaar   | Bought a potion of curing for 51 gold pieces
 32974 | Bazaar   | Bought a potion of might for 68 gold pieces
 32974 | Bazaar   | Bought a potion of mutation for 136 gold pieces
 33214 | Shoals:2 | Found Unkiq's General Store.
 33524 | Shoals:2 | Identified Roxanne's Collected Works on Shapes
 33524 | Shoals:2 | Noticed Roxanne
 33540 | Shoals:2 | Killed Roxanne
 33541 | Shoals:2 | Reached XP level 16. HP: 71/72 MP: 18/33
 34038 | Shoals:2 | Identified the ring "Gajy" {Drain rPois rCorr Int+4 Stlth+}
 34096 | Shoals:2 | Noticed a tentacled monstrosity
 34105 | Shoals:2 | Noticed a kraken
 34113 | Shoals:2 | Killed a tentacled monstrosity
 34241 | Shoals:2 | Got the Parchment of Mad Ravings
 34477 | Shoals:3 | Noticed Ilsuiw
 34834 | Shoals:3 | Killed Ilsuiw
 35327 | Shoals:3 | Noticed Mara
 35359 | Shoals:3 | Killed Mara
 35604 | Shoals:4 | Entered Level 4 of the Shoals
 35659 | Shoals:4 | Found Rukhacat's General Store.
 35670 | Shoals:4 | Noticed a kraken
 35692 | Shoals:4 | Killed a kraken
 35693 | Shoals:4 | Bought a scroll of teleportation for 57 gold pieces
 35838 | Shoals:4 | Reached skill level 10 in Unarmed Combat
 36120 | Shoals:4 | Reached skill level 10 in Fighting
 36120 | Shoals:4 | Reached skill level 15 in Summonings
 36216 | Shoals:4 | Noticed a kraken
 36238 | Shoals:4 | Killed a kraken
 37051 | Shoals:4 | Reached XP level 17. HP: 36/76 MP: 20/34
 37337 | Shoals:4 | Got a barnacled rune of Zot
 37636 | Shoals:4 | Identified the +1 chain mail "Veonah" {Str+3}
 38222 | Snake:1  | Entered Level 1 of the Snake Pit
 40416 | Snake:2  | Found Enuguf's Jewellery Emporium.
 40416 | Snake:2  | Found Qed Rurasaat's Book Shop.
 40417 | Snake:2  | Found Uhesaurel's Jewellery Emporium.
 40425 | Snake:2  | Bought a book of Weapons for 308 gold pieces
 40987 | Snake:3  | Got Emyxtumn's Disquisition on Terra Firma
 41329 | Snake:3  | Identified the +0 ring mail "Miergh" {rElec Int+3}
 42131 | Snake:4  | Entered Level 4 of the Snake Pit
 42241 | Snake:4  | Reached XP level 18. HP: 81/81 MP: 17/35
 42338 | Snake:4  | Killed from afar by a salamander tyrant
 42339 | Snake:4  | Reached XP level 17. HP: -2/77 MP: 4/34
 42643 | Snake:4  | Reached skill level 16 in Summonings
 42784 | Snake:4  | Found Luite's Vocational Training.
 43700 | Snake:4  | Got a serpentine rune of Zot
 44204 | Elf:1    | Entered Level 1 of the Elven Halls
 44466 | Elf:1    | Got the Writings on Bolts
 44539 | Elf:1    | Noticed Eclyr's ghost (adept MiBe)
 44885 | Elf:1    | Found a runed translucent door.
 45216 | Elf:1    | Killed Eclyr's ghost
 45797 | Elf:2    | Reached XP level 18. HP: 73/82 MP: 30/35
 45829 | Elf:2    | Reached skill level 15 in Translocations
 46093 | Elf:2    | Found a runed translucent gate.
 46100 | Elf:2    | Found a runed translucent gate.
 46101 | Elf:2    | Found a runed translucent gate.
 46135 | Elf:2    | Reached skill level 15 in Transmutations
 47509 | Elf:3    | Entered Level 3 of the Elven Halls
 47771 | Elf:3    | Found Kuhana's Jewellery Shop.
 47774 | Elf:3    | Found Gepikho's Assorted Antiques.
 47774 | Elf:3    | Found Ahum's Distillery.
 47890 | Elf:3    | Noticed Zenata
 47899 | Elf:3    | Found Zasosel's Assorted Antiques.
 47906 | Elf:3    | Killed Zenata
 47975 | Elf:3    | Bought a copper ring for 120 gold pieces
 47975 | Elf:3    | Bought a potion of curing for 72 gold pieces
 47975 | Elf:3    | Bought a potion of magic for 192 gold pieces
 47975 | Elf:3    | Bought a scroll of teleportation for 72 gold pieces
 47978 | Elf:3    | Bought a potion of heal wounds for 70 gold pieces
 47978 | Elf:3    | Bought a potion of heal wounds for 70 gold pieces
 48552 | Elf:3    | Shot with an arrow by a deep elf master archer
 48553 | Elf:3    | Reached XP level 17. HP: -9/78 MP: 6/34
 48582 | Elf:3    | Killed a deep elf master archer
 48697 | Elf:3    | Noticed a deep elf blademaster
 48709 | Elf:3    | Killed a deep elf blademaster
 48767 | Elf:3    | Identified the +7 chain mail of the Elven Halls {Dex+3
                  | Slay+4}
 48767 | Elf:3    | Identified the ring "Geiwih" {rF+ rCorr MP+9 Dex-4 SInv}
 48767 | Elf:3    | Noticed a deep elf blademaster
 48819 | Elf:3    | Identified the +8 hand axe "Juphovva" {flame, rN++ Int-5
                  | Dex+4}
 48832 | Elf:3    | Noticed a deep elf master archer
 48835 | Elf:3    | Killed a deep elf master archer
 48868 | Elf:3    | Killed from afar by a deep elf sorcerer

Illustrated notes

Levels and vault maps discovered:
D:1:      minmay_arrival_pointy, layout_basic, serial_shops, shop,
          minmay_pentomino_r4
D:2:      layout_basic, shapermc_ecumenical_altar_starsandcircs, basic_altar
D:3:      layout_loops_ring, lemuel_doored_altar,
          nicolae_concentric_dashed_squares_wild, moated_statue, uniq_robin,
          uniq_sigmund
D:4:      layout_rooms, mainiacjoe_overflow_boulevard
D:5:      layout_basic, minmay_temple_entry_large_hall, gup_sewer_entry_bowl,
          amcnicky_mini_pool_small, grunt_ministairs_10, saegor_snake_ambush
D:6:      layout_rooms
D:7:      minmay_opposing_rooms, layout_basic, nicolae_ossuary_entry_monument,
          kennysheep_generic_room_11
D:8:      layout_basic, mainiacjoe_overflow_alcove_2, gammafunk_ghost_ooze
D:9:      layout_roguey, erik_lair_orcish_takeover, david_orc_3, uniq_maurice
D:10:     layout_gridville, nicolae_wu_jian_immortal_techniques,
          gammafunk_temple_overflow_statue, uniq_josephine
D:11:     layout_long_grid, serial_shops, nicolae_lakefront_shop,
          nicolae_shop_competitors_out_of_business, kennysheep_generic_room_2,
          uniq_harold, uniq_lodul, uniq_snorg, uniq_erica
D:12:     layout_cave_pods
D:13:     layout_stronghold, gammafunk_ghost_mausoleum, gauntlet_entry_generic
D:14:     minmay_expanding_squares, layout_basic, erik_vaults_2, serial_shops,
          shop, nicolae_gozag_seed_capital
D:15:     grunt_enter_depths_giant_problem, layout_basic, minivault_4,
          okawaru_altar_gauntlet_db, uniq_louise
Temple:   nicolae_temple_slightly_damp_pantheon
Lair:1:   layout_cave_pods, grunt_forest_large_clearings, uniq_amaemon
Lair:2:   layout_layer_cave, elwin_shoals_entry_rooms, grunt_megastairs_2
Lair:3:   layout_hall_layers, guppyfry_snake_entry_garden, ebering_ghost_xom,
          serial_bayou_shore_a, grunt_megastairs_1
Lair:4:   layout_gridlike, nicolae_slime_entry_slimehenge, gammafunk_ghost_icy,
          infiniplex_staircase_pool_2
Lair:5:   evilmike_catoblepas_cave, layout_gridlike, pdpol_lair_cavern_descent
Shoals:1: layout_shoals, serial_shops, nicolae_shop_bloodbath_and_beyond
Shoals:2: dreamdust_from_the_deep, layout_shoals, serial_shops,
          bzr_entry_customers, shop, nicolae_shop_stone, centaur_isle,
          uniq_roxanne
Shoals:3: layout_shoals, uniq_mara, uniq_ilsuiw
Shoals:4: shoals_end_hangedman, layout_shoals, serial_shops,
          nicolae_square_shop, nicolae_shoals_goliath_grotto
Snake:1:  layout_chambers, nicolae_snake_shapes
Snake:2:  layout_onion, minmay_shop_grove, grunt_megastairs_4
Snake:3:  layout_cave_town, grunt_megastairs_5, serial_bayou_shore_b
Snake:4:  snake_pit, layout_grid_shapes, nicolae_shop_vocational
Orc:1:    layout_caves, uniq_erolcha, uniq_jorgrun
Orc:2:    grunt_orc_community_town_hall, layout_diamond_mine,
          grunt_orc_community_big_house_2, grunt_orc_community_big_house_2,
          grunt_orc_community_house_3, grunt_orc_community_house_2,
          grunt_orc_community_house_3, grunt_orc_community_house_1,
          ebering_ghost_reflecting_pool, uniq_azrael, uniq_saint_roka
Elf:1:    eino_elf_arrival_the_gate, layout_loops_ring,
          hellmonk_ghost_happy_afterlife, minmay_elf_annihilation
Elf:2:    elven_hall_of_blades_hangedman_original
          [nicolae_blade_entry_diamond_columns], layout_gridlike,
          serial_sigils_hangedman_stare
Elf:3:    minmay_elf_hall_furrowed, layout_loops_cross,
          nicolae_elf_loose_elemental_storage, minmay_shoptagon, uniq_zenata

Skill      XL: |  1  2  3  4  5  6  7  8  9 10 11 12 13 14 15 16 17 18 |
---------------+-------------------------------------------------------+-----
Summonings     | 5 6 7 8 9 11 13 14 15 16 | 16.8
Hexes          | 1 2 3 4 5 8 9 |  9.5
Air Magic      | 1 2 3 4 5 6 7 9 10 11 12 13 14 | 14.4
Dodging        | 3 4 5 6 7 8 9 10 11 12 13 14 | 14.9
Unarmed Combat | 1 2 3 4 5 7 8 9 10 11 | 11.8
Spellcasting   | 3 4 5 6 7 8 9 10 11 12 | 12.9
Fighting       | 1 2 3 4 5 7 8 9 10 11 | 11.6
Translocations | 3 5 8 7 9 11 12 13 14 15 | 15.6
Transmutations | 2 3 5 6 8 10 11 13 14 15 | 15.6
Evocations     | 2 5 |  5.0
Stealth        | |  2.6

Action                     |  1- 3 |  4- 6 |  7- 9 | 10-12 | 13-15 | 16-18 || total
---------------------------+-------+-------+-------+-------+-------+-------++-------
  Melee: Unarmed           |    22 |    43 |   112 |    71 |   305 |   663 ||  1216
         Bite              |     3 |     2 |    16 |    11 |     6 |       ||    38
         Punch             |       |     1 |     6 |     1 |    12 |    42 ||    62
   Cast: Summon Small Mamm |    42 |    11 |    14 |       |       |       ||    67
         Call Imp          |    11 |     9 |    18 |    23 |     3 |       ||    64
         Call Canine Famil |     8 |    20 |    45 |    76 |   100 |    89 ||   338
         Summon Guardian G |       |     7 |    21 |    88 |   147 |   134 ||   397
         Summon Lightning  |       |       |    24 |   111 |   189 |   157 ||   481
         Blink             |       |       |     2 |     2 |     3 |     2 ||     9
         Manifold Assault  |       |       |       |    17 |    88 |   224 ||   329
         Summon Mana Viper |       |       |       |       |   102 |   129 ||   231
         Summon Forest     |       |       |       |       |    38 |    39 ||    77
         Storm Form        |       |       |       |       |    55 |   121 ||   176
         Wereblood         |       |       |       |       |     8 |    19 ||    27
 Invoke: Call Merchant     |       |       |       |       |     5 |     2 ||     7
         Potion Petition   |       |       |       |       |     2 |     3 ||     5
Ability: Blinkbolt         |       |       |       |       |    20 |    40 ||    60
  Evoke: Wand              |       |       |       |    10 |    34 |     8 ||    52
         Box of beasts     |       |       |       |       |     1 |     4 ||     5
         Condenser vane    |       |       |       |       |       |     4 ||     4
         Phial of floods   |       |       |       |       |       |     1 ||     1
    Use: Potion            |       |     3 |     4 |     3 |     8 |    11 ||    29
         Scroll            |       |       |    19 |     8 |     3 |    11 ||    41
   Stab: Distracted        |       |     1 |     3 |     1 |     6 |    11 ||    22
         Invisible         |       |       |       |     1 |     1 |     1 ||     3
         Sleeping          |       |       |       |       |       |     1 ||     1
 Armour: Skin              |     1 |     1 |    11 |     4 |    34 |    69 ||   120
  Dodge: Dodged            |    40 |    82 |   246 |   200 |   401 |   563 ||  1532

Table legend: (Time is in decaauts)
 A = Elapsed time spent in this place.
 B = Non-inter-level travel time spent in this place.
 C = Inter-level travel time spent in this place.
 D = Time resting spent in this place.
 E = Time spent auto-exploring this place.
 F = Levels seen in this place.
 G = Mean time per level.
                   A        B        C        D        E       F      G
               +--------+--------+--------+--------+--------+-----+--------+
         Total |  44816 |  43024 |   1792 |   3420 |  29576 |  38 | 1179.4 |
       Dungeon |  17107 |  16256 |    851 |   1003 |  11520 |  15 | 1140.5 |
        Temple |    148 |    134 |     14 |      0 |    116 |   1 |  148.0 |
          Lair |   6314 |   5967 |    347 |     46 |   4612 |   5 | 1262.8 |
        Shoals |   6540 |   6337 |    203 |   1024 |   3629 |   4 | 1635.0 |
     Snake Pit |   5506 |   5292 |    214 |    344 |   3976 |   4 | 1376.5 |
  Orcish Mines |   2337 |   2255 |     82 |    205 |   1455 |   2 | 1168.5 |
   Elven Halls |   4420 |   4342 |     78 |    540 |   2767 |   3 | 1473.3 |
        Bazaar |    310 |    310 |      0 |      0 |    224 |   1 |  310.0 |
         Sewer |   1013 |   1013 |      0 |      0 |    738 |   1 | 1013.0 |
       Ossuary |    308 |    308 |      0 |      4 |    219 |   1 |  308.0 |
      Gauntlet |    807 |    807 |      0 |    254 |    317 |   1 |  807.0 |
               +--------+--------+--------+--------+--------+-----+--------+

Top non-repeatable levels by time:
Shoals:4: 2331 daAuts
   Elf:2: 2103 daAuts
    D:14: 1944 daAuts
Shoals:2: 1760 daAuts
  Lair:5: 1733 daAuts
 Snake:4: 1729 daAuts
   Orc:2: 1701 daAuts
    D:13: 1485 daAuts
 Snake:1: 1485 daAuts
     D:3: 1458 daAuts
    D:15: 1399 daAuts
  Lair:2: 1385 daAuts
Shoals:1: 1359 daAuts
     D:7: 1331 daAuts
     D:5: 1317 daAuts
